 Dungeon Crawl Stone Soup version 0.31.0-11-ge490571c62 (webtiles) character file.

Game seed: 14675401586629035677

3 Arcadio the Ducker (level 1, -1/16 HPs)
             Began as a Merfolk Gladiator on Jan 30, 2024.
             Slain by a kobold
             ... wielding a +2 dagger of flaming
              (3 damage)
             ... on level 1 of the Dungeon.
             The game lasted 00:00:13 (256 turns).

Arcadio the Ducker (Merfolk Gladiator)               Turns: 256, Time: 00:00:15

Health: -1/16      AC:  4    Str: 14    XL:     1   Next: 50%
Magic:  1/1        EV: 13    Int:  7    God:
Gold:   41         SH:  0    Dex: 15    Spells: 0/0 levels left

rFire   . . .        a - +0 trident
rCold   . . .        (no shield)
rNeg    . . .        b - +0 leather armour
rPois   .            c - +0 helmet
rElec   .            (no cloak)
rCorr   .            (no gloves)
SInv    .            (no boots)
Will    .....        (no amulet)
Stlth   +            (no ring)
HPRegen 0.22/turn    (no ring)
MPRegen 0.07/turn

%: no passive effects
@: no status effects
A: (nimble swimmer 2), mertail
a: no special abilities


You were on level 1 of the Dungeon.
You visited 1 branch of the dungeon, and saw 1 of its levels.

You collected 41 gold pieces.

Inventory:

Hand Weapons
 a - a +0 trident (weapon)
Missiles
 d - 3 throwing nets (quivered)
 e - a javelin
Armour
 b - a +0 leather armour (worn)
 c - a +0 helmet (worn)


   Skills:
 + Level 2.3 Fighting
 + Level 4.1 Polearms
 + Level 2.0 Throwing
 + Level 4.1 Dodging


You couldn't memorise any spells.
You didn't know any spells.
Your spell library contained the following spells:

 Spells                   Type           Power      Damage    Failure   Level
 Summon Ice Beast         Ice/Summ       0%         N/A       87%         3
 Ozocubu's Refrigeration  Ice            0%         4d7       100%        7
 Lehudib's Crystal Spear  Conj/Erth      0%         10d2      100%        8


Dungeon Overview and Level Annotations

Branches:
Dungeon (1/15)

Altars:


Innate Abilities, Weirdness & Mutations

((You are very nimble when in or above water. (Stealth+, EV+, Speed+++)))
Your lower body shifts to a powerful aquatic tail in water.


Message History

You add the spells Summon Ice Beast, Ozocubu's Refrigeration and Lehudib's Crystal Spear to your library.
You hit the hobgoblin.
You kill the hobgoblin!
You now have 12 gold pieces.
You now have 29 gold pieces (gained 17).
You now have 36 gold pieces (gained 7).
You see here a human skeleton.
A frilled lizard comes into view.
The frilled lizard hisses angrily.
The frilled lizard barely misses you.
You miss the frilled lizard. The frilled lizard closely misses you.
You puncture the frilled lizard!
You kill the frilled lizard!
You now have 41 gold pieces (gained 5).
A kobold comes into view. It is wielding a +2 dagger of flaming.
The kobold shouts!
The kobold moves out of view.
A kobold is nearby!
A kobold is nearby!
The kobold barely misses you.
You hit the kobold.
The kobold is heavily wounded.
The kobold hits you with a +2 dagger of flaming.
The kobold burns you.
You closely miss the kobold.
The kobold is heavily wounded.
The kobold hits you with a +2 dagger of flaming.
The kobold burns you.
You closely miss the kobold.
The kobold is heavily wounded.
The kobold hits you with a +2 dagger of flaming.
The kobold burns you.
You hit the kobold but do no damage.
The kobold is heavily wounded.
The kobold hits you with a +2 dagger of flaming.
* * * LOW HITPOINT WARNING * * *
The kobold burns you.
* * * LOW HITPOINT WARNING * * *
The kobold hits you with a +2 dagger of flaming.
You die...

..........#.#.# .#
........#.#.#.##.##
........#.#... #..
........#.#..# #.#
..........#..###.#
....#.....#......#
...............#.#
............##...####
...........###..@...#
#.###......###.K....#
#..............)........
#.####..###..##.>...####
#.####..............#
.............########
#............#
#.####.......#
#............#


You could see a kobold.

Vanquished Creatures
  A ball python (D:1)
  A hobgoblin (D:1)
  A frilled lizard (D:1)
3 creatures vanquished.

Notes
Turn   | Place    | Note
-------+----------+-------------------------------------------
     0 | D:1      | Arcadio the Merfolk Gladiator began the quest for the Orb.
     0 | D:1      | Reached XP level 1. HP: 16/16 MP: 1/1
    71 | D:1      | Got the Secrets of White Quicksand
   256 | D:1      | Slain by a kobold

Illustrated notes

Levels and vault maps discovered:
D:1:      amcnicky_arrival_choice, layout_loops_cross,
          hellmonk_ecumenical_altar_watching_god, nicolae_shop_unique_rings,
          wander_ebering_terrifying_dragon_lair

Action                     || total
---------------------------++-------
  Melee: Trident           ||    10
 Armour: Leather armour    ||     6
  Dodge: Dodged            ||     8
